 Dungeon Crawl Stone Soup version 0.21.1-1-g345015f (webtiles) character file.

6010 grindst0ne the Fighter (level 10, -6/97 HPs)
             Began as a Demonspawn Gladiator on Mar 5, 2018.
             Was an Elder of Okawaru.
             Mangled by an orc warrior
             ... wielding a +0 halberd
              (22 damage)
             ... in a bailey.
             The game lasted 00:17:45 (7973 turns).

grindst0ne the Fighter (Demonspawn Gladiator)       Turns: 7973, Time: 00:17:46

Health: -6/97      AC: 11    Str: 17    XL:     10   Next: 56%
Magic:  15/15      EV: 13    Int: 11    God:    Okawaru [****..]
Gold:   289        SH:  0    Dex: 21    Spells: 9/9 levels left

rFire    . . .     SeeInvis +   H - +4 battleaxe (freeze)
rCold    . . .     Gourm    +   (shield currently unavailable)
rNeg     . . .     Faith    .   g - +0 chain mail
rPois    .         Spirit   .   (helmet restricted)
rElec    .         Reflect  .   B - +0 cloak
rCorr    .         Harm     .   (no gloves)
MR       +....                  l - +0 pair of boots
Stlth    ..........             i - amulet of the gourmand
HPRegen  0.26/turn              b - ring of protection from magic
MPRegen  0.14/turn              C - ring of see invisible

@: agile
A: hooves 1, horns 1, demonic guardian 2, powered by pain 2, robust 1, strong 1
a: Heroism, Renounce Religion


You were in a bailey.
You worshipped Okawaru.
Okawaru was greatly pleased with you.
You were very full.

You visited 2 branches of the dungeon, and saw 9 of its levels.
You also visited: Ossuary and Bailey.

You collected 499 gold pieces.
You spent 210 gold pieces at shops.

Inventory:

Hand Weapons
 e - a +0 vampiric hand axe
 u - a +0 battleaxe
 y - a +2 whip of flaming
 H - a +4 battleaxe of freezing (weapon)
Missiles
 d - 5 throwing nets (quivered)
Armour
 g - a +0 chain mail (worn)
 l - a +0 pair of boots (worn)
 p - a +0 plate armour
 t - a +1 helmet
 B - a +0 cloak (worn)
Jewellery
 b - a ring of protection from magic (left hand)
 i - an amulet of the gourmand (around neck)
 C - a ring of see invisible (right hand)
 D - an uncursed ring of positive energy
 J - an uncursed ring of positive energy
Wands
 x - a wand of random effects (25)
 L - a wand of paralysis (7)
Scrolls
 k - 9 scrolls of remove curse
 o - 4 scrolls of teleportation
 s - 2 scrolls of fog
 v - a scroll of vulnerability
 z - a scroll of fear
 A - 2 scrolls of enchant armour
 F - a scroll of enchant weapon
Potions
 a - a potion of mutation
 j - 2 potions of resistance
 m - 8 potions of curing
 n - 3 potions of berserk rage
 q - 2 potions of might
 r - 3 potions of magic
 w - 4 potions of agility
 G - a potion of flight
 K - a potion of invisibility {unknown}
Comestibles
 f - 14 rations
 h - 4 chunks of flesh


   Skills:
 + Level 12.0 Fighting
 + Level 4.8 Axes
 - Level 1.7 Throwing
 + Level 3.7 Armour
 - Level 2.6 Dodging
 + Level 7.6 Invocations
 + Level 5.7 Evocations


You had 9 spell levels left.
You didn't know any spells.

Dungeon Overview and Level Annotations

Branches:
Dungeon (9/15)             Temple (1/1) D:5            Lair (0/6) D:8
    Orc: D:9-12

Altars:
Dithmenos
Elyvilon
Fedhas
Gozag
Kikubaaqudgha
Makhleb
Okawaru
Sif Muna
Trog
Uskayaw
Vehumet
Yredelemnul

Shops:
D:4 *   D:5 *


Innate Abilities, Weirdness & Mutations

You have large cloven feet.
A demonic guardian rushes to your aid.
You sometimes gain power by taking damage.
You have a pair of small horns on your head.
You are robust. (+10% HP)
Your muscles are strong. (Str +2)


Message History

The orc warrior shoots a bolt.
The bolt hits your soul eater!
Your sixfirhy barely misses the orc warrior.
Your soul eater misses the orc warrior.
There is an empty arch of ancient stone, spattered with blood here.
You see here 2 bolts.
What are your orders? t - Shout!
Orders for allies: a - Attack new target. p - Attack previous target. r - Retreat! s - Stop attacking. g - Guard the area. f - Follow me.
Anything else - Cancel.
Gang up on whom?
Press: ? - help, Dir - move target cursor, f/p - orc warrior
Aim: an orc warrior, wielding an arbalest and wearing a chain mail (black smoke, lightly wounded, unusually strong) Attack!
Your sixfirhy barely misses the orc warrior.
Your sixfirhy hits the orc warrior.
Your sixfirhy shocks the orc warrior!
Your sixfirhy barely misses the orc warrior.
The orc warrior hits you from afar with a halberd!!
You die...

### ##§## #§@§#
#§33#
≈≈.≈≈.§§§oo.≈≈o≈≈
≈o∩.≈....§..≈oo.≈
≈≈o≈≈.......≈≈o≈≈
.≈≈≈..#...#..≈≈≈.
.....##...##.....
##### ##∩## #####
###


You could see 4 orc warriors, a friendly soul eater and a friendly sixfirhy.

Vanquished Creatures
  2 two-headed ogres
  Pikel (D:5)
  Prince Ribbit (D:9)
  4 yaks (D:9)
  Sigmund (D:5)
  A wyvern (D:7)
  2 hungry ghosts (D:8)
  2 wargs (D:8)
  3 orc warriors
  A sky beast (D:7)
  3 ogres
  A centaur (D:7)
  A big kobold (D:7)
  2 bullfrogs (D:7)
  A water moccasin zombie (Ossuary)
  A water moccasin skeleton (D:7)
  2 killer bees (D:8)
  A scorpion (D:8)
  3 wights (D:8)
  A crimson imp (D:9)
  3 hounds
  2 orc priests
  8 orc wizards
  Jessica (D:3)
  An iguana (D:7)
  Ijyb (D:3)
  4 worker ants
  4 big kobold zombies (Ossuary)
  2 mummies (Ossuary)
  Robin (D:3)
  7 adders
  6 adder zombies
  3 leopard geckos
  11 orcs
  2 ball pythons
  10 bats
  3 giant cockroaches
  3 gnoll zombies (Ossuary)
  16 goblins
  10 hobgoblins
  3 jackals (D:3)
  4 quokkas
  7 frilled lizards
  4 hobgoblin zombies (Ossuary)
  A jackal skeleton (D:9)
  13 kobolds
  4 kobold zombies (Ossuary)
  2 leopard gecko skeletons (D:4)
  5 orc zombies (Ossuary)
  A quokka skeleton (D:4)
  5 rats
181 creatures vanquished.

Vanquished Creatures (collateral kills)
  A centaur skeleton (D:8)
  A troll (D:9)
  A hippogriff (D:7)
  2 yaks (D:9)
  The ghost of letownia2 the Conjurer, an amateur TeCj (D:7)
  2 orc warriors
  A sky beast (D:9)
  A phantom (D:7)
  2 ogres
  A centaur (D:9)
  A bullfrog (D:7)
  A wyvern zombie (D:7)
  3 killer bees (D:8)
  A howler monkey (D:5)
  A centaur zombie (D:7)
  A hound (D:7)
  An orc priest (D:8)
  2 orc wizards (D:8)
  An iguana (D:4)
  A worker ant zombie (D:7)
  A howler monkey skeleton (D:7)
  An adder (D:5)
  An adder skeleton (D:9)
  A worm (D:4)
  An orc (D:8)
  A leopard gecko skeleton (D:4)
32 creatures vanquished.

Vanquished Creatures (others)
  A crimson imp (D:5)
1 creature vanquished.

Grand Total: 214 creatures vanquished

Notes
Turn   | Place    | Note
-------+----------+-------------------------------------------
     0 | D:1      | grindst0ne the Demonspawn Gladiator began the quest for the Orb.
     0 | D:1      | Reached XP level 1. HP: 16/16 MP: 1/1
    92 | D:1      | Gained mutation: You have large cloven feet. [demonic ancestry]
    92 | D:1      | Reached XP level 2. HP: 14/23 MP: 2/2
   144 | D:1      | Reached skill level 3 in Fighting
   611 | D:2      | Reached XP level 3. HP: 29/29 MP: 3/3
   965 | D:2      | Reached skill level 4 in Fighting
  1392 | D:3      | Noticed Jessica
  1399 | D:3      | Killed Jessica
  1399 | D:3      | Reached XP level 4. HP: 33/38 MP: 4/4
  1779 | D:3      | Found a bloodstained altar of Trog.
  1977 | D:3      | Noticed Robin
  1983 | D:3      | Reached skill level 5 in Fighting
  2005 | D:3      | Killed Robin
  2336 | D:3      | Noticed Ijyb
  2373 | D:3      | Killed Ijyb
  2373 | D:3      | Gained mutation: A weak demonic guardian rushes to your aid. [demonic ancestry]
  2373 | D:3      | Reached XP level 5. HP: 44/44 MP: 5/5
  2558 | D:4      | Reached skill level 6 in Fighting
  2576 | D:4      | Noticed an ogre
  2579 | D:4      | Found Emoh's General Store.
  2588 | D:4      | Killed an ogre
  2588 | D:4      | Reached XP level 6. HP: 45/53 MP: 6/6
  2610 | D:4      | Bought a scroll of fog for 24 gold pieces
  2610 | D:4      | Bought a scroll of identify for 24 gold pieces
  2610 | D:4      | Bought a scroll of identify for 24 gold pieces
  2731 | D:4      | Found a shadowy altar of Dithmenos.
  2733 | D:4      | Found a blossoming altar of Fedhas.
  2747 | D:4      | Found a basalt altar of Yredelemnul.
  2809 | D:4      | Reached skill level 7 in Fighting
  2963 | D:5      | Entered Level 5 of the Dungeon
  3196 | D:5      | Found a staircase to the Ecumenical Temple.
  3209 | Temple   | Entered the Ecumenical Temple
  3215 | Temple   | Became a worshipper of Warmaster Okawaru
  3325 | D:5      | Noticed Sigmund
  3335 | D:5      | Was placed under penance by Okawaru
  3346 | D:5      | Killed Sigmund
  3346 | D:5      | Reached skill level 8 in Fighting
  3346 | D:5      | Gained mutation: You sometimes gain a little power by taking damage. [demonic ancestry]
  3346 | D:5      | Reached XP level 7. HP: 45/62 MP: 7/7
  3374 | D:5      | Noticed Pikel
  3429 | D:5      | Killed Pikel
  3429 | D:5      | Was forgiven by Okawaru
  3429 | D:5      | Reached skill level 9 in Fighting
  3599 | D:5      | Found Siosaneot's General Store.
  3603 | D:5      | Bought a +0 cloak for 54 gold pieces
  3603 | D:5      | Bought a potion of heal wounds for 60 gold pieces
  3603 | D:5      | Bought a scroll of identify for 24 gold pieces
  3783 | D:5      | You fall through a shaft for 3 floors!
  3871 | D:7      | Gained mutation: A demonic guardian rushes to your aid. [demonic ancestry]
  3871 | D:7      | Reached XP level 8. HP: 32/72 MP: 8/8
  3982 | D:7      | Reached skill level 10 in Fighting
  3989 | D:7      | Reached * piety under Okawaru
  4008 | D:7      | Found a sand-covered staircase.
  4032 | Ossuary  | Entered an ossuary
  4693 | D:7      | Gained mutation: You are robust. (+10% HP) [potion of mutation]
  4693 | D:7      | Gained mutation: You have a pair of small horns on your head. [potion of mutation]
  4693 | D:7      | Gained mutation: Your muscles are strong. (Str +2) [potion of mutation]
  4750 | D:7      | Reached skill level 1 in Invocations
  4750 | D:7      | Reached skill level 1 in Evocations
  5009 | D:7      | Noticed a hippogriff
  5014 | D:7      | Killed a hippogriff
  5014 | D:7      | Reached ** piety under Okawaru
  5014 | D:7      | Reached skill level 11 in Fighting
  5277 | D:7      | Reached XP level 9. HP: 40/89 MP: 11/11
  5869 | D:7      | Noticed letownia2's ghost (amateur TeCj)
  5874 | D:7      | Was placed under penance by Okawaru
  5875 | D:7      | Killed letownia2's ghost
  6173 | D:8      | Reached skill level 5 in Invocations
  6371 | D:8      | Reached skill level 1 in Armour
  6716 | D:8      | Found a staircase to the Lair.
  6727 | D:8      | Was forgiven by Okawaru
  7393 | D:8      | Noticed a two-headed ogre
  7399 | D:8      | Killed a two-headed ogre
  7399 | D:8      | Reached *** piety under Okawaru
  7399 | D:8      | Reached skill level 5 in Evocations
  7399 | D:8      | Gained mutation: You sometimes gain power by taking damage. [demonic ancestry]
  7399 | D:8      | Reached XP level 10. HP: 81/97 MP: 13/15
  7875 | D:9      | Noticed a two-headed ogre
  7885 | D:9      | Killed a two-headed ogre
  7915 | D:9      | Noticed Prince Ribbit
  7920 | D:9      | Killed Prince Ribbit
  7920 | D:9      | Reached skill level 12 in Fighting
  7934 | D:9      | Found a flagged portal.
  7939 | D:9      | Reached **** piety under Okawaru
  7955 | Bailey   | Entered a bailey
  7955 | Bailey   | Noticed an orc knight
  7957 | Bailey   | Noticed an orc knight
  7973 | Bailey   | Mangled by an orc warrior

Skill      XL: |  1  2  3  4  5  6  7  8  9 10 |
---------------+-------------------------------+-----
Fighting       | 3 4 5 6 8 9 11 12 | 12.0
Invocations    | 3 6 7 |  7.6
Evocations     | 2 5 |  5.7
Axes           | 4 |  4.8
Armour         | 2 3 |  3.7
Throwing       | |  1.7
Dodging        | |  2.6

Action                   |  1- 3 |  4- 6 |  7- 9 | 10-12 || total
-------------------------+-------+-------+-------+-------++-------
Melee: War axe           |   107 |    50 |       |       ||   157
       Kick              |    15 |    53 |   140 |     6 ||   214
       Spear             |       |    80 |       |       ||    80
       Hand axe          |       |    53 |   242 |       ||   295
       Whip              |       |       |   105 |       ||   105
       Headbutt          |       |       |    48 |     9 ||    57
       Battleaxe         |       |       |    30 |    35 ||    65
Invok: Heroism           |       |       |     1 |       ||     1
Evoke: Wand              |       |     1 |    15 |     2 ||    18
  Use: Scroll            |       |     6 |     6 |     5 ||    17
       Potion            |       |       |     6 |     2 ||     8
 Stab: Distracted        |       |     1 |     1 |       ||     2
  Eat: Chunk             |     2 |    18 |    31 |     2 ||    53
       Ration            |       |     1 |     2 |       ||     3
Armor: Leather armour    |    17 |       |       |       ||    17
       Chain mail        |    60 |   135 |   220 |    14 ||   429
Dodge: Dodged            |    67 |    79 |   147 |    19 ||   312
